 Dungeon Crawl Stone Soup version 0.27-a0-1217-g8a41f320e8 (webtiles) character file.

Game seed: 11407183736727119339

87 hilljack the Digger (level 4, -1/28 HPs)
             Began as a Gargoyle Earth Elementalist on June 5, 2021.
             Slain by a water moccasin (3 damage)
             ... while paralysed
             ... on level 3 of the Dungeon.
             The game lasted 00:03:40 (3371 turns).

hilljack the Digger (Gargoyle Earth Elementalist)   Turns: 3371, Time: 00:03:41

Health: -1/28      AC:  9    Str: 12    XL:     4   Next: 51%
Magic:  1/7        EV:  2    Int: 16    God:
Gold:   92         SH:  0    Dex: 10    Spells: 4/7 levels left

rFire    . . .     SeeInvis .   n - +0 morningstar (protect)
rCold    . . .     Faith    .   (no shield)
rNeg     + . .     Spirit   .   c - +1 robe
rPois    ∞         Reflect  .   (no helmet)
rElec    +         Harm     .   m - +2 cloak
rCorr    .         Rampage  .   (no gloves)
Will     .....                  (no boots)
Stlth    ++........             (no amulet)
HPRegen  0.09/turn              (no ring)
MPRegen  0.10/turn              (no ring)

@: paralysed, on berserk cooldown, slowed
A: sickness immunity, AC +3, negative energy resistance 1, electricity
resistance, torment resistance 1, petrification resistance
a: no special abilities


You were on level 3 of the Dungeon.
You visited 1 branch of the dungeon, and saw 3 of its levels.

You collected 92 gold pieces.

Inventory:

Hand Weapons
 g - a +0 flail
 n - a +0 morningstar of protection (weapon)
Missiles
 b - 7 stones
 f - 28 poisoned darts
Armour
 c - a +1 robe (worn)
 m - a +2 cloak (worn)
Jewellery
 l - a ring of see invisible
Scrolls
 d - a scroll of enchant armour
 e - 2 scrolls of enchant weapon {unknown}
 h - a scroll of fear {unknown}
Potions
 i - 2 potions of curing
 j - a potion of ambrosia {unknown}
 k - a potion of attraction


   Skills:
 + Level 3.5 Fighting
 + Level 2.0 Maces & Flails
 - Level 1.5 Dodging
 - Level 2.1 Stealth
 - Level 2.0 Spellcasting
 - Level 0.7 Transmutations
 - Level 3.6 Earth Magic


You had 4 spell levels left.
You knew the following spells:

 Your Spells              Type           Power      Damage    Failure   Level
a - Sandblast             Erth           26%        2d8       4%          1
b - Passwall              Tmut/Erth      6%         N/A       13%         2

Your spell library contained the following spells:

 Spells                   Type           Power      Damage    Failure   Level
 Stone Arrow              Conj/Erth      14%        3d7       30%         3
 Confusing Touch          Hex            1%         N/A       52%         3
 Gell's Gravitas          Tloc           0%         N/A       52%         3
 Petrify                  Tmut/Erth      8%         N/A       63%         4
 Lee's Rapid Deconstruct  Erth           6%         3d7*      78%         5
 Metabolic Englaciation   Hex/Ice        0%         N/A       99%         5
 Yara's Violent Unravell  Hex/Tmut       1%         3d3       99%         5


Dungeon Overview and Level Annotations

Branches:
Dungeon (3/15)

Altars:


Innate Abilities, Weirdness & Mutations

You are immune to sickness and miasma.
Your stone body is resilient. (AC +3)
You are immune to poison.
You resist negative energy. (rN+)
You are resistant to electric shocks. (rElec)
You are resistant to unholy torment.
You are immune to petrification.


Message History

The water moccasin is heavily wounded.
The water moccasin closely misses you.
The giant cockroach bites you but does no damage.
You completely miss the water moccasin.
The water moccasin is heavily wounded.
The water moccasin barely misses you. The giant cockroach closely misses you.
You miss the water moccasin.
The water moccasin is heavily wounded.
The water moccasin bites you but does no damage.
The giant cockroach bites you but does no damage.
The water moccasin barely misses you.
You miss the water moccasin.
The water moccasin is heavily wounded.
The water moccasin misses you. The giant cockroach barely misses you.
You closely miss the water moccasin.
The water moccasin is heavily wounded.
The water moccasin barely misses you. The giant cockroach barely misses you.
You closely miss the water moccasin.
The water moccasin is heavily wounded.
The water moccasin bites you but does no damage.
The giant cockroach barely misses you.
The water moccasin bites you but does no damage.
You closely miss the water moccasin.
The water moccasin is heavily wounded.
The giant cockroach bites you but does no damage.
The water moccasin bites you.
* * * LOW HITPOINT WARNING * * *
You miss the water moccasin.
The water moccasin is heavily wounded.
The giant cockroach misses you.
The water moccasin bites you but does no damage.
You miss the water moccasin.
The water moccasin is heavily wounded.
You are no longer berserk.
You pass out from exhaustion.
You feel yourself slow down. The water moccasin bites you.
* * * LOW HITPOINT WARNING * * *
The giant cockroach bites you but does no damage.
The water moccasin bites you.
You die...

P.♣ ≈♣ ♣♣.#
....≈≈≈≈♣...#
...≈♣≈ ≈≈P?P#
.P..≈≈♣≈≈..!♣#
...P≈ ....P# ♣.?P
..#.# #..B##...#
#..S@..# #####..#
#..# #..#
#..#######.
#..........
#..######### #.>#
##.######
#..######........


You could see a water moccasin and a giant cockroach.

Vanquished Creatures
  4 adders (D:2)
  A gnoll (D:1)
  2 worms (D:2)
  2 bats (D:1)
  5 endoplasms
  A giant cockroach (D:2)
  A goblin (D:2)
  4 hobgoblins
  3 jackals (D:1)
  2 quokkas
  4 ball pythons
  3 frilled lizards
  2 kobolds
  4 rats
38 creatures vanquished.

Vanquished Creatures (others)
  A plant (D:3)
1 creature vanquished.

Grand Total: 39 creatures vanquished

Notes
Turn   | Place    | Note
-------+----------+-------------------------------------------
     0 | D:1      | hilljack the Gargoyle Earth Elementalist began the quest
                  | for the Orb.
     0 | D:1      | Reached XP level 1. HP: 10/10 MP: 3/3
   307 | D:1      | Reached skill level 1 in Fighting
   367 | D:1      | Reached XP level 2. HP: 5/17 MP: 0/5
   711 | D:1      | Learned a level 2 spell: Passwall
  1012 | D:1      | Reached XP level 3. HP: 21/22 MP: 6/6
  1248 | D:1      | Found a faded altar of an unknown god.
  1446 | D:2      | Reached skill level 1 in Maces & Flails
  2141 | D:2      | Reached XP level 4. HP: 16/28 MP: 7/7
  3345 | D:3      | Noticed a water moccasin
  3371 | D:3      | Slain by a water moccasin

Illustrated notes

Levels and vault maps discovered:
D:1:      lightli_arrival_isolated_outpost, layout_loops_ring,
          chequers_ecumenical_altar_lobes
D:2:      layout_basic, minmay_crystal_water
D:3:      layout_loops_ring, serial_bayou_pond_a

Skill      XL: |  1  2  3  4 |
---------------+-------------+-----
Fighting       | 1 2 3 |  3.5
Maces & Flails | 1 2 |  2.0
Dodging        | |  1.5
Stealth        | |  2.1
Spellcasting   | |  2.0
Transmutations | |  0.7
Earth Magic    | |  3.6

Action                   |  1- 3 |  4- 6 || total
-------------------------+-------+-------++-------
Melee: Unarmed           |    18 |       ||    18
       Flail             |    82 |    25 ||   107
       Morningstar       |       |    19 ||    19
 Cast: Sandblast         |    11 |    12 ||    23
  Use: Scroll            |     6 |       ||     6
       Potion            |       |     1 ||     1
 Stab: Sleeping          |     9 |     2 ||    11
Armor: Robe              |    43 |    33 ||    76
Dodge: Dodged            |    63 |    46 ||   109

Table legend: (Time is in decaauts)
 A = Elapsed time spent in this place.
 B = Non-inter-level travel time spent in this place.
 C = Inter-level travel time spent in this place.
 D = Time resting spent in this place.
 E = Time spent auto-exploring this place.
 F = Levels seen in this place.
 G = Mean time per level.
                   A        B        C        D        E       F      G
               +--------+--------+--------+--------+--------+-----+--------+
         Total |   3415 |   3385 |     30 |    823 |   2150 |   3 | 1138.3 |
       Dungeon |   3415 |   3385 |     30 |    823 |   2150 |   3 | 1138.3 |
               +--------+--------+--------+--------+--------+-----+--------+

Top non-repeatable levels by time:
     D:2: 1809 daAuts
     D:1: 1431 daAuts
     D:3: 174 daAuts
